 Dungeon Crawl Stone Soup version 0.19.4-9-g45fd643 (webtiles) character file.

20012 tof the Carver (level 12, -3/99 HPs)
             Began as a Deep Dwarf Fighter on Feb 22, 2017.
             Was an Elder of Makhleb.
             Killed from afar by a rime drake (20 damage)
             ... with a flash freeze
             ... on level 5 of the Lair of Beasts.
             The game lasted 00:47:28 (9814 turns).

tof the Carver (Deep Dwarf Fighter)                 Turns: 9814, Time: 00:47:29

Health: -3/99      AC: 15    Str: 18 (21) XL:     12   Next: 41%
Magic:  14/14      EV: 11    Int: 11      God:    Makhleb [****..]
Gold:   828        SH: 11    Dex: 12      Spells: 1 memorised, 16 levels left

rFire  . . .     SeeInvis .     Z - +4 scimitar (flame)
rCold  + + .     Gourm    .     b - +0 scale mail
rNeg   . . .     Faith    .     c - +0 shield
rPois  .         Spirit   .     (no helmet)
rElec  .         Reflect  .     P - +2 cloak
rCorr  .         Harm     +     t - +0 pair of gloves
MR     +....                    W - +1 pair of boots
Stlth  +.........               o - amulet of harm
                                X - ring of protection from cold
                                l - ring of protection from cold

@: non-regenerating
A: damage resistance, recharge devices, hooves 1, blink, deterioration 1, frail
1, sense surroundings 2, slow regeneration 3, weak 1
a: Device Recharging, Blink, Minor Destruction, Lesser Servant of Makhleb, Major
Destruction, Renounce Religion


You were on level 5 of the Lair of Beasts.
You worshipped Makhleb.
Makhleb was greatly pleased with you.
You were not hungry.

You visited 4 branches of the dungeon, and saw 15 of its levels.

You collected 828 gold pieces.

Inventory:

Hand Weapons
 Z - a +4 scimitar of flaming (weapon)
Armour
 b - a +0 scale mail (worn)
 c - a +0 shield (worn)
 t - a +0 pair of gloves (worn)
 P - a +2 cloak (worn)
 W - a +1 pair of boots (worn)
Jewellery
 l - a ring of protection from cold (left hand)
 o - an amulet of harm (around neck)
 v - an uncursed ring of resist corrosion {unknown}
 X - a ring of protection from cold (right hand)
Wands
 e - a wand of heal wounds (2/9)
 C - a wand of flame (34/48)
 J - a wand of slowing (16/48)
 V - a wand of flame (36/48)
Scrolls
 g - 3 scrolls of remove curse
 j - a scroll of fog {unknown}
 k - 2 scrolls of blinking {unknown}
 n - a scroll of recharging
 p - 5 scrolls of teleportation
 q - 5 scrolls of identify
 w - 2 scrolls of enchant armour {unknown}
 x - 7 scrolls of amnesia
 y - 2 scrolls of fear {unknown}
 A - 3 scrolls of enchant weapon {unknown}
 E - a scroll of brand weapon {unknown}
 F - 2 scrolls of magic mapping {unknown}
 U - a scroll of noise {unknown}
 Y - 3 scrolls of random uselessness {unknown}
Potions
 a - a potion of mutation {unknown}
 d - a potion of might
 h - 2 potions of invisibility {unknown}
 i - 4 potions of curing
 m - 3 potions of flight {unknown}
 s - 6 potions of heal wounds {unknown}
 z - 2 potions of brilliance {unknown}
 B - 2 potions of agility {unknown}
 G - a potion of magic {unknown}
 H - 3 potions of cancellation {unknown}
 I - a potion of ambrosia {unknown}
 K - 2 potions of haste {unknown}
 L - a potion of lignification {unknown}
 S - 4 potions of degeneration {unknown}
Books
 M - a book of Callings

   Spells                             Type                      Level
   a - Summon Small Mammal            Summoning                    1
   b - Call Imp                       Summoning                    2
   c - Call Canine Familiar           Summoning                    3
   d - Summon Guardian Golem          Hexes/Summoning              3
   e - Summon Lightning Spire         Summoning/Air                4
   f - Summon Ice Beast               Ice/Summoning                4
 N - a book of Conjurations

   Spells                             Type                      Level
   a - Magic Dart                     Conjuration                  1
   b - Searing Ray                    Conjuration                  2
   c - Dazzling Spray                 Conjuration/Hexes            3
   d - Fulminant Prism                Conjuration/Hexes            4
   e - Iskenderun's Mystic Blast      Conjuration                  4
   f - Iskenderun's Battlesphere      Conjuration/Charms           5
Comestibles
 f - 10 bread rations
 r - 2 beef jerkies
 u - 7 meat rations
 Q - a slice of pizza
 T - 22 fruits


   Skills:
 + Level 8.0 Fighting
 + Level 12.4 Long Blades
 + Level 9.4 Armour
 + Level 6.0 Dodging
 + Level 2.4 Stealth
 + Level 10.2 Shields
 + Level 3.2 Spellcasting
 + Level 2.6 Summonings
 + Level 0.6 Invocations
 + Level 3.1 Evocations


You had 16 spell levels left.
You knew the following spells:

 Your Spells              Type           Power        Failure   Level  Hunger
a - Summon Small Mammal   Summ           #...         52%         1    #......


Dungeon Overview and Level Annotations

Branches:
Dungeon (8/15)             Temple (1/1) D:4            Lair (5/6) D:8
  Swamp (1/4) Lair:2        Snake (0/4) Lair:3        Slime (0/5) Lair:5

Altars:
Ashenzari
Cheibriados
Dithmenos
Elyvilon
Fedhas
Gozag
Hepliaklqana
Kikubaaqudgha
Makhleb
Nemelex Xobeh
Qazlal
Trog
Uskayaw
Vehumet
Xom
Yredelemnul
The Shining One

Shops:
D:5 !

Annotations:
D:6 Edmund


Innate Abilities, Weirdness & Mutations

You are resistant to damage.
You can recharge devices by infusing magical energy.
You passively map the area around you.
You do not regenerate.
You have large cloven feet.
You can translocate small distances at will.
Your body sometimes deteriorates upon taking damage.
You are frail. (-10% HP)
You are weak. (Str -2)


Message History

Your neqoxec is moderately wounded.
The ice encasing you melts away.
You hear an angry hiss.
You hear a roar!
The slime creature misses you.
The four-headed hydra barely misses you.
You riposte.
You slash the four-headed hydra! You burn the four-headed hydra.
The four-headed hydra is moderately wounded.
The four-headed hydra bites you but does no damage.
The four-headed hydra closely misses you.
The four-headed hydra bites you but does no damage.
You block the rime drake's attack.
The four-headed hydra bites you but does no damage. x2
The four-headed hydra bites you.
The four-headed hydra bites you but does no damage.
The slime creature hits you!
* * * LOW HITPOINT WARNING * * *
Your body deteriorates!
You feel weakened. The rime drake breathes ice at you.
The flash freeze hits you! You partially resist.
You die...

,♣P.....#####......##
..# *
♣P.....<#.......##.#
, ###.#........#.##.#
* ,
*####.#.<........# *
≈ , #....##.......#
≈*≈ ######.......##
*≈ ≈ ≈ *
#**#...#.P.## * ≈ ≈ *
#. #..##...## ≈≈ * ,,
##.##.#@...$## ≈ , ,
#............# *≈ ≈
*,* ##.#.#.DkJ##..#*
≈ ##..###...3##.##≈ ≈
#..........#...≈≈ *
#.............## ≈
#P......>.....##* ≈ ≈
, ###.............# ≈
≈ #P.....#....##....
≈ ≈≈


You could see a four-headed hydra, a slime creature, a rime drake and a neqoxec.

Vanquished Creatures
  Erica (Lair:2)
  7 death yaks (Lair:3)
  A fire crab (Lair:5)
  An elephant (Lair:3)
  2 black mambas (Lair:3)
  A torpor snail (Lair:5)
  6 spiny frogs
  4 komodo dragons
  2 slime creatures (Lair:5)
  A hippogriff (Lair:2)
  15 yaks
  Grum (D:8)
  Menkaure (D:4)
  6 porcupines
  8 water moccasins
  A hornet zombie (D:5)
  3 ice beasts
  A sky beast (D:5)
  3 ogres
  2 phantoms (D:4)
  12 wolves
  3 centaurs
  A necrophage (D:6)
  11 crocodiles
  Blork the orc (D:4)
  13 bullfrogs
  2 scorpions
  A jelly (D:6)
  A howler monkey (D:5)
  2 electric eels (Lair:3)
  A crimson imp (D:5)
  2 quasits
  2 hounds
  Crazy Yiuf (D:5)
  A centaur skeleton (D:8)
  3 orc priests
  3 orc wizards (D:6)
  4 iguanas
  4 worker ants
  A howler monkey skeleton (D:6)
  4 gnolls (D:2)
  8 adders
  2 river rats (D:8)
  2 shadow imps
  An ooze (D:6)
  An adder skeleton (D:7)
  A dart slug (D:1)
  A leopard gecko (D:8)
  19 orcs
  7 bats
  2 giant cockroaches
  6 goblins
  2 hobgoblins (D:1)
  14 jackals
  9 kobolds
  2 quokkas
  2 ball pythons
  2 frilled lizards
  2 jackal zombies
  A quokka skeleton (D:6)
  3 rats
227 creatures vanquished.

Vanquished Creatures (collateral kills)
  A hydra (Lair:3)
1 creature vanquished.

Vanquished Creatures (others)
  A hippogriff (D:7)
  2 yaks (Lair:1)
  An orc warrior (D:6)
  3 porcupines (D:8)
  An ogre (D:8)
  A wolf (Lair:1)
  A scorpion (D:4)
  A crimson imp (D:5)
  2 jellies
  An iguana (D:4)
  A jackal (D:5)
  7 fungi
  A plant (Lair:3)
23 creatures vanquished.

Grand Total: 251 creatures vanquished

Notes
Turn   | Place    | Note
-------+----------+-------------------------------------------
     0 | D:1      | tof the Deep Dwarf Fighter began the quest for the Orb.
     0 | D:1      | Reached XP level 1. HP: 20/20 MP: 1/1
   264 | D:1      | Reached XP level 2. HP: 27/27 MP: 2/2
   687 | D:2      | Reached XP level 3. HP: 30/33 MP: 3/3
   793 | D:2      | Reached skill level 1 in Dodging
   793 | D:2      | Reached XP level 4. HP: 34/40 MP: 4/4
  1001 | D:2      | Reached skill level 3 in Long Blades
  1430 | D:3      | Found a glowing golden altar of the Shining One.
  1432 | D:3      | Noticed an angel
  1445 | D:3      | Found a basalt altar of Yredelemnul.
  1447 | D:3      | Noticed a profane servitor
  1691 | D:3      | Reached XP level 5. HP: 36/49 MP: 5/5
  1860 | D:3      | Found a sparkling altar of Nemelex Xobeh.
  1957 | D:4      | Noticed Blork the orc
  1990 | D:4      | Killed Blork the orc
  1990 | D:4      | Reached skill level 4 in Long Blades
  2065 | D:4      | Found a staircase to the Ecumenical Temple.
  2073 | Temple   | Entered the Ecumenical Temple
  2167 | Temple   | Became a worshipper of Makhleb the Destroyer
  2243 | D:4      | Noticed Menkaure
  2252 | D:4      | Killed Menkaure
  2252 | D:4      | Reached XP level 6. HP: 24/56 MP: 6/6
  2295 | D:4      | Reached skill level 5 in Shields
  2514 | D:4      | Reached XP level 7. HP: 53/63 MP: 7/7
  2563 | D:4      | Reached skill level 5 in Long Blades
  2776 | D:5      | Entered Level 5 of the Dungeon
  2966 | D:5      | Found Rig Leza's Distillery.
  2990 | D:5      | Reached skill level 5 in Armour
  3071 | D:5      | Reached XP level 8. HP: 56/73 MP: 8/8
  3088 | D:5      | Found an ancient bone altar of Kikubaaqudgha.
  3098 | D:5      | Found a stormy altar of Qazlal.
  3128 | D:5      | Found a blossoming altar of Fedhas.
  3244 | D:5      | Found a runed door.
  3248 | D:5      | Noticed Crazy Yiuf
  3332 | D:5      | Reached skill level 6 in Long Blades
  3372 | D:5      | Learned a level 1 spell: Summon Small Mammal
  3648 | D:5      | Found a snail-covered altar of Cheibriados.
  3954 | D:5      | Reached * piety under Makhleb
  3983 | D:5      | Killed Crazy Yiuf
  4017 | D:5      | Reached skill level 1 in Stealth
  4047 | D:5      | Reached skill level 1 in Spellcasting
  4159 | D:6      | Reached skill level 1 in Summonings
  4268 | D:6      | Reached skill level 7 in Long Blades
  4268 | D:6      | Reached skill level 1 in Evocations
  4393 | D:6      | Found a blossoming altar of Fedhas.
  4440 | D:6      | Gained mutation: You passively map the area around you. [Deep Dwarf growth]
  4440 | D:6      | Reached XP level 9. HP: 61/79 MP: 10/12
  4576 | D:6      | Gained mutation: You are weak. (Str -2) [mutagenic glow]
  4848 | D:6      | Noticed Edmund
  5051 | D:7      | Reached ** piety under Makhleb
  5274 | D:7      | Reached skill level 5 in Fighting
  5469 | D:8      | Found a staircase to the Lair.
  5876 | D:8      | Noticed Grum
  5884 | D:8      | Reached skill level 8 in Long Blades
  5912 | D:8      | Killed Grum
  5954 | D:8      | Gained mutation: You are frail. (-10% HP) [mutagenic glow]
  6189 | Lair:1   | Entered Level 1 of the Lair of Beasts
  6414 | Lair:1   | Noticed a five-headed hydra
  6431 | Lair:1   | Reached XP level 10. HP: 79/79 MP: 14/14
  6753 | Lair:1   | Reached skill level 9 in Long Blades
  6764 | Lair:1   | Noticed a spiny frog
  6770 | Lair:1   | Killed a spiny frog
  6949 | Lair:1   | Reached *** piety under Makhleb
  7129 | Lair:2   | Found a staircase to the Swamp.
  7141 | Lair:2   | Noticed Erica
  7174 | Lair:2   | Killed Erica
  7197 | Lair:2   | Gained mutation: You can translocate small distances at will. [mutagenic glow]
  7238 | Lair:2   | Gained mutation: Your body sometimes deteriorates upon taking damage. [mutagenic glow]
  7297 | Lair:2   | Reached XP level 11. HP: 73/89 MP: 15/15
  7422 | Lair:2   | Reached skill level 10 in Long Blades
  7432 | Lair:2   | Gained mutation: You have large cloven feet. [mutagenic glow]
  7844 | Swamp:1  | Entered Level 1 of the Swamp
  7844 | Swamp:1  | Noticed a swamp dragon
  7844 | Swamp:1  | Noticed an alligator
  8119 | Lair:3   | Reached skill level 5 in Dodging
  8406 | Lair:3   | Found a staircase to the Snake Pit.
  8450 | Lair:3   | Noticed a six-headed hydra
  8456 | Lair:3   | Killed a four-headed hydra
  8477 | Lair:3   | Noticed a death yak
  8479 | Lair:3   | Noticed a death yak
  8479 | Lair:3   | Noticed a death yak
  8479 | Lair:3   | Noticed a death yak
  8480 | Lair:3   | Noticed a death yak
  8480 | Lair:3   | Noticed a death yak
  8508 | Lair:3   | Killed a death yak
  8518 | Lair:3   | Killed a death yak
  8532 | Lair:3   | Killed a death yak
  8539 | Lair:3   | Killed a death yak
  8539 | Lair:3   | Reached skill level 11 in Long Blades
  8554 | Lair:3   | Killed a death yak
  8565 | Lair:3   | Killed a death yak
  8709 | Lair:3   | Noticed a death yak
  8729 | Lair:3   | Reached XP level 12. HP: 47/98 MP: 15/15
  8741 | Lair:3   | Reached **** piety under Makhleb
  8766 | Lair:3   | Killed a death yak
  8766 | Lair:3   | Reached skill level 10 in Shields
  9101 | Lair:4   | Reached skill level 12 in Long Blades
  9379 | Lair:4   | Found a sparkling altar of Nemelex Xobeh.
  9754 | Lair:5   | Found a staircase to the Slime Pits.
  9785 | Lair:5   | Noticed a four-headed hydra
  9808 | Lair:5   | HP: 2/99 [four-headed hydra (10)]
  9814 | Lair:5   | Killed from afar by a rime drake

Skill      XL: |  1  2  3  4  5  6  7  8  9 10 11 12 |
---------------+-------------------------------------+-----
Shields        | 4 5 6 7 9 10 | 10.2
Dodging        | 1 2 3 4 5 6 |  6.0
Fighting       | 3 4 5 6 7 8 |  8.0
Long Blades    | 3 4 5 7 8 9 11 12 | 12.4
Armour         | 4 5 7 8 9 |  9.4
Stealth        | 1 2 |  2.4
Spellcasting   | 2 3 |  3.2
Summonings     | 1 2 |  2.6
Evocations     | 1 2 3 |  3.1
Invocations    | |  0.6

Action                   |  1- 3 |  4- 6 |  7- 9 | 10-12 || total
-------------------------+-------+-------+-------+-------++-------
Melee: Long sword        |    62 |   178 |       |       ||   240
       Falchion          |       |    29 |   459 |   153 ||   641
       Scimitar          |       |       |       |   348 ||   348
 Cast: Summon Small Mamm |       |       |     1 |     6 ||     7
Invok: Lesser Servant of |       |       |       |     2 ||     2
       Major Destruction |       |       |       |     1 ||     1
 Abil: Device Recharging |       |       |       |     2 ||     2
Evoke: Wand              |       |     4 |     9 |    12 ||    25
  Use: Scroll            |       |     3 |     2 |     4 ||     9
       Potion            |       |       |       |     1 ||     1
  Eat: Chunk             |       |     6 |     9 |    11 ||    26
       Beef jerky        |       |       |     1 |       ||     1
       Bread ration      |       |       |     1 |       ||     1
       Royal jelly       |       |       |       |     1 ||     1
Armor: Scale mail        |    33 |   109 |   144 |   136 ||   422
Dodge: Dodged            |    28 |    82 |   135 |   156 ||   401
Block: Shield            |    44 |   134 |   210 |   230 ||   618
       Rpst.: Long sword |     8 |    22 |       |       ||    30
       Falchion          |       |     1 |    36 |    19 ||    56
       Scimitar          |       |       |       |    25 ||    25
